 Dungeon Crawl Stone Soup version 0.24.1-8-ga250c9d538 (webtiles) character file.

Game seed: 13311734803183567204, levelgen mode: deterministic

51 lepoulpe303 the Covered (level 3, -1/34 HPs)
             Began as a Deep Dwarf Fighter on Apr 28, 2020.
             Succumbed to Robin's poison
             ... on level 2 of the Dungeon.
             The game lasted 00:04:08 (923 turns).

lepoulpe303 the Covered (Deep Dwarf Fighter)         Turns: 923, Time: 00:04:09

Health: -1/34      AC:  7    Str: 20    XL:     3   Next: 57%
Magic:  3/3        EV:  7    Int:  8    God:
Gold:   59         SH:  9    Dex: 12    Spells: 2/2 levels left

rFire    . . .     SeeInvis .   a - +0 war axe
rCold    . . .     Gourm    .   c - +0 shield
rNeg     . . .     Faith    .   b - +0 scale mail
rPois    .         Spirit   .   (no helmet)
rElec    .         Reflect  .   (no cloak)
rCorr    .         Harm     .   (no gloves)
MR       .....                  (no boots)
Stlth    ..........             (no amulet)
HPRegen  0.00/turn              (no ring)
MPRegen  0.08/turn              (no ring)

@: lethally poisoned (-1 -> -22), non-regenerating
A: damage resistance, heal wounds, sense surroundings 1, no regeneration
a: Heal Wounds


You were on level 2 of the Dungeon.
You were not hungry.

You visited 1 branch of the dungeon, and saw 2 of its levels.

You collected 59 gold pieces.

Inventory:

Hand Weapons
 a - a +0 war axe (weapon)
Missiles
 Q - 23 bolts
Armour
 b - a +0 scale mail (worn)
 c - a +0 shield (worn)
Scrolls
 j - 2 scrolls of amnesia {unknown}
 k - a scroll of blinking {unknown}
 m - a scroll of identify {unknown}
Potions
 d - a potion of might
 g - a potion of resistance {unknown}
 h - a potion of mutation {unknown}
 i - 3 potions of heal wounds {unknown}
 l - a potion of brilliance {unknown}
Comestibles
 e - 6 rations
 f - 7 chunks of flesh


   Skills:
 + Level 3.0 Fighting
 * Level 3.2 Axes
 + Level 3.7 Armour
 + Level 3.6 Shields


You had 2 spell levels left.
You didn't know any spells.
Your spell library was empty.

Dungeon Overview and Level Annotations

Branches:
Dungeon (2/15)

Altars:
Dithmenos
Uskayaw

Annotations:
D:2 Robin


Innate Abilities, Weirdness & Mutations

You are resistant to damage.
You can heal yourself by infusing magical energy.
You passively map a small area around you.
You do not regenerate.


Message History

You take 2 damage, and have 15/34 hp.
You hit Robin. Robin hits you but does no damage.
You are more poisoned.
You closely miss Robin.
You feel very sick. Robin closely misses you.
Robin hits you with a +0 spear of venom.
* * * LOW HITPOINT WARNING * * *
You are lethally poisoned!
You take 4 damage, and have 11/34 hp.
You hit Robin but do no damage.
* * * LOW HITPOINT WARNING * * *
You feel very sick.
Robin hits you with a +0 spear of venom.
* * * LOW HITPOINT WARNING * * *
You are more poisoned.
You take 9 damage, and have 2/34 hp.
MASSIVE DAMAGE!!
You fail to use your ability.
You die...

** *,
#.##.####..#########.#.#
, ,#.
#g##...........##.#.. *
#. #.##.#########.##.#..
, #. #)##. * *#.#.. #.
#.##, ..#.# , #. #.# *
###.# ,#. #g# ,,, * #.#
,* #.###### ####.#
#g#)@g.# ####....# ,
#g#.##.#.####....#### *
#.#..#.#....รท....##.. ,
* #.#<.#[######...###..
#.####g#............. ,
##.g...g#.##########..
..............# #..
,#############.# #.. ###
#..


You could see Robin.

Levels and vault maps discovered:
D:1:      dpeg_arrival_oval, layout_rooms, minmay_pentomino_r2
D:2:      layout_basic, eat_drink_and_be_merry_uskayaw,
          nicolae_dithmenos_through_a_glass_darkly,
          chequers_ecumenical_altar_island, uniq_robin

Notes
Turn   | Place    | Note
-------+----------+-------------------------------------------
     0 | D:1      | lepoulpe303 the Deep Dwarf Fighter began the quest for the
                  | Orb.
     0 | D:1      | Reached XP level 1. HP: 20/20 MP: 1/1
    11 | D:1      | Identified a +0 club
    82 | D:1      | Identified a +0 dagger
   143 | D:1      | Identified a +0 dagger
   143 | D:1      | Identified a +0 club
   192 | D:1      | Identified a +0 club
   195 | D:1      | Identified a +0 dagger
   204 | D:1      | Reached XP level 2. HP: 25/27 MP: 2/2
   230 | D:1      | Identified a +0 dagger
   260 | D:1      | Identified a +0 club
   398 | D:1      | Identified a +0 club
   641 | D:2      | Reached skill level 3 in Axes
   693 | D:2      | Found a shadowy altar of Dithmenos.
   734 | D:2      | Found a hide-covered altar of Uskayaw.
   746 | D:2      | Reached skill level 3 in Fighting
   746 | D:2      | Reached XP level 3. HP: 19/34 MP: 3/3
   772 | D:2      | Identified a +0 club
   773 | D:2      | Identified a +0 dagger
   823 | D:2      | Identified a +1 dagger of protection
   825 | D:2      | Identified a +0 club
   825 | D:2      | Identified a +0 dagger
   877 | D:2      | Identified a +0 club
   879 | D:2      | Identified a +0 club
   879 | D:2      | Identified a +0 spear of venom
   879 | D:2      | Identified a +0 animal skin
   879 | D:2      | Identified a +0 helmet
   879 | D:2      | Noticed Robin
   880 | D:2      | Identified a +0 club
   922 | D:2      | HP: 7/34 [poisoned by Robin]
   922 | D:2      | HP: 2/34 [Robin/+0 spear of venom (5)]
   923 | D:2      | Succumbed to Robin's poison

Table legend:
 A = Turns spent in this place as a percentage of turns spent in the entire game.
 B = Non-inter-level travel turns spent in this place as a percentage of non-inter-level travel turns spent in the entire game.
 C = Inter-level travel turns spent in this place as a percentage of turns spent in this place.
 D = Turns resting spent in this place as a percentage of non-inter-level travel turns spent in this place.
 E = Turns spent auto-exploring this place as a percentage of non-inter-level travel turns spent in this place.
 F = Non-inter-level travel turns spent in this place divided by the number of levels of this place that you've seen.
                   A       B       C       D       E      F
               +-------+-------+-------+-------+-------+----------------------
         Total | 100.0 | 100.0 |   3.9 |   3.8 |  59.3 | 443.5
       Dungeon | 100.0 | 100.0 |   3.9 |   3.8 |  59.3 | 443.5
               +-------+-------+-------+-------+-------+----------------------

Table legend:
 A = Kills in this place as a percentage of kills in entire the game.
 B = Kills by you in this place as a percentage of kills by you in the entire game.
 C = Kills by friends in this place as a percentage of kills by friends in the entire game.
 D = Other kills in this place as a percentage of other kills in the entire game.
 E = Experience gained in this place as a percentage of experience gained in the entire game.
 F = Experience gained in this place divided by the number of levels of this place that you have seen.
                   A       B       C       D       E      F
               +-------+-------+-------+-------+-------+----------------------
         Total | 100.0 | 100.0 |   N/A |   N/A | 100.0 |  36.5
       Dungeon | 100.0 | 100.0 |   N/A |   N/A | 100.0 |  36.5
               +-------+-------+-------+-------+-------+----------------------

Skill      XL: |  1  2 |
---------------+-------+-----
Axes           | 3 |  3.2
Fighting       | 3 |  3.0
Armour         | |  3.7
Shields        | |  3.6

Action                   || total
-------------------------++-------
Melee: War axe           ||   124
Armor: Scale mail        ||    53
Dodge: Dodged            ||    24
Block: Shield            ||    56

Vanquished Creatures
  An adder (D:2)
  A dart slug (D:1)
  7 bats
  A giant cockroach (D:1)
  10 goblins
  7 hobgoblins
  A ball python (D:2)
  4 kobolds
  6 rats
38 creatures vanquished.
